 Dungeon Crawl Stone Soup version 0.29.1-2-gbd0b4ee654 (webtiles) character file.

Game seed: 10077956395266086203

59 BearBoy19 the Poker (level 4, -2/45 HPs)
             Began as an Ogre Gladiator on Nov 29, 2022.
             Succumbed to Crazy Yiuf's poison
             ... on level 2 of the Dungeon.
             The game lasted 00:10:38 (1482 turns).

BearBoy19 the Poker (Ogre Gladiator)                Turns: 1482, Time: 00:10:39

Health: -2/45      AC:  3    Str: 18    XL:     4   Next: 3%
Magic:  4/4        EV: 10    Int:  9    God:
Gold:   66         SH:  0    Dex: 12    Spells: 3/3 levels left

rFire   . . .      SeeInvis .   p - +0 mace (vorpal)
rCold   . . .      Faith    .   (no shield)
rNeg    . . .      Spirit   .   b - +0 robe
rPois   .          Reflect  .   c - +0 hat
rElec   .          Harm     .   (no cloak)
rCorr   .          Rampage  .   (gloves unavailable)
Will    .....                   (boots unavailable)
Stlth   +.........              (no amulet)
HPRegen 0.15/turn               (no ring)
MPRegen 0.09/turn               (no ring)

@: mighty, lethally poisoned (-2 -> -9)
A: large, unfitting armour, tough skin 1
a: no special abilities


You were on level 2 of the Dungeon.
You visited 1 branch of the dungeon, and saw 2 of its levels.

You collected 66 gold pieces.

Inventory:

Hand Weapons
 a - a +0 trident
 f - a +0 club
 h - a +0 dagger
 m - a +0 whip
 n - a +0 short sword
 p - a +0 vorpal mace (weapon)
Missiles
 d - 2 throwing nets
 e - a large rock (quivered)
 w - 9 stones
Armour
 b - a +0 robe (worn)
 c - a +0 hat (worn)
 k - a +0 pair of gloves
Jewellery
 o - a ring of poison resistance
 q - a ring of flight
 y - a ring of resist corrosion
Scrolls
 i - a scroll of poison
 s - a scroll of acquirement {unknown}
 u - a scroll of identify {unknown}
 z - a scroll of vulnerability
Potions
 g - a potion of degeneration {unknown}
 j - a potion of lignification {unknown}
 l - 2 potions of attraction {unknown}
 r - 2 potions of cancellation {unknown}
 t - a potion of curing {unknown}
 v - a potion of berserk rage {unknown}
 x - a potion of resistance {unknown}


   Skills:
 + Level 3.4 Fighting
 + Level 0.6 Maces & Flails
 + Level 3.7 Polearms
 + Level 2.2 Throwing
 + Level 3.1 Dodging
 + Level 0.3 Stealth


You had 3 spell levels left.
You didn't know any spells.
Your spell library was empty.

Dungeon Overview and Level Annotations

Branches:
Dungeon (2/15)

Altars:
Hepliaklqana

Annotations:
D:2 Crazy Yiuf


Innate Abilities, Weirdness & Mutations

You are too large for most types of armour.
You have tough skin. (AC +1)


Message History

An endoplasm comes into view.
The endoplasm quivers.
Throw: large rock
Press: ? - help, Q - select action, (/) - cycle Shift-Dir - straight line, f - endoplasm
Aim: an endoplasm (86% to hit)
You throw a large rock. The large rock hits the endoplasm!
You kill the endoplasm!
e - a large rock
There are no items here.
Found a hammer.
Found a runed translucent door.
Crazy Yiuf shouts!
Crazy Yiuf screams, "Leather tired tea!"
You open the door.
Crazy Yiuf screams, "Gnoll cloud cloud!"
You sock Crazy Yiuf!
Crazy Yiuf is heavily wounded.
Crazy Yiuf laughs, "Cake!"
Crazy Yiuf hits you with a +3 quarterstaff of chaos!
You are electrocuted!
You barely miss Crazy Yiuf.
Crazy Yiuf is heavily wounded.
Crazy Yiuf barely misses you.
You completely miss Crazy Yiuf.
Crazy Yiuf is heavily wounded.
Crazy Yiuf barely misses you.
Crazy Yiuf screams, "Blight!
Mugger sanguine pontify."
Crazy Yiuf hits you with a +3 quarterstaff of chaos!
You feel very mighty all of a sudden.
You barely miss Crazy Yiuf.
Crazy Yiuf is heavily wounded.
Crazy Yiuf hits you with a +3 quarterstaff of chaos!
* * * LOW HITPOINT WARNING * * *
Crazy Yiuf draws strength from your wounds!
You barely miss Crazy Yiuf.
Crazy Yiuf hits you with a +3 quarterstaff of chaos!
* * * LOW HITPOINT WARNING * * *
You are lethally poisoned!
You thump Crazy Yiuf!
Crazy Yiuf is severely wounded.
You die...

.###.# .....#
####.# ..##.###
##### #.##...##
#..)# #..#....####
#...# ...........#
... ##....###..#
#g# ###.....#..#
♣♣@♣ ...........#
♣.♣♣ ...........#
♣♣.♣ ......###..#
♣.♣♣ ##.........#
♣♣.♣♣ ##.###.....#
♣...♣♣ #..# ##...#
♣..♣.♣ . ..###
#..# #....# ..
....#
#..####..#####....


You could see Crazy Yiuf.

Vanquished Creatures
  An adder (D:2)
  A gnoll (D:1)
  A worm (D:2)
  3 dart slugs
  2 ball pythons (D:1)
  2 endoplasms
  5 goblins
  3 hobgoblins
  4 quokkas
  2 bats
  A frilled lizard (D:1)
  2 kobolds (D:1)
  3 rats
30 creatures vanquished.

Notes
Turn   | Place    | Note
-------+----------+-------------------------------------------
     0 | D:1      | BearBoy19 the Ogre Gladiator began the quest for the Orb.
     0 | D:1      | Reached XP level 1. HP: 22/22 MP: 1/1
   181 | D:1      | Reached XP level 2. HP: 14/29 MP: 2/2
   530 | D:1      | Reached XP level 3. HP: 29/37 MP: 3/3
  1292 | D:2      | Found a faded altar of an unknown god.
  1375 | D:2      | Found a hazy altar of Hepliaklqana.
  1386 | D:2      | Reached XP level 4. HP: 33/45 MP: 4/4
  1472 | D:2      | Found a runed translucent door.
  1473 | D:2      | Noticed Crazy Yiuf
  1481 | D:2      | HP: 1/45 [Crazy Yiuf/+3 quarterstaff of chaos (7)]
  1482 | D:2      | Succumbed to Crazy Yiuf's poison

Illustrated notes

Levels and vault maps discovered:
D:1:      dpeg_arrival_arbitrary_c, layout_basic
D:2:      layout_rooms, basic_altar, chequers_ecumenical_altar_simple,
          uniq_crazy_yiuf_cottage

Skill      XL: |  1  2 |
---------------+-------+-----
Dodging        | 3 |  3.1
Fighting       | 3 |  3.4
Maces & Flails | |  0.6
Polearms       | |  3.7
Throwing       | |  2.2
Stealth        | |  0.3

Action                   |  1- 3 |  4- 6 || total
-------------------------+-------+-------++-------
Melee: Trident           |    51 |       ||    51
       Punch             |     1 |       ||     1
       Mace              |    33 |     6 ||    39
Throw: Stone             |     6 |       ||     6
       Throwing net      |     1 |       ||     1
       Large rock        |     1 |     1 ||     2
  Use: Scroll            |     2 |       ||     2
 Stab: Sleeping          |     1 |       ||     1
Armor: Robe              |    24 |       ||    24
Dodge: Dodged            |    55 |     2 ||    57
